 Dungeon Sprint DCSS version 0.18-a0-1014-g3bbf375 (webtiles) character file.

35 pipel the Grave Robber (level 3, -5/19 HPs)
             Began as a Deep Elf Necromancer on Jan 6, 2016.
             Was a Follower of Sif Muna.
             Slain by a warg (13 damage)
             ... in the Dungeon (Sprint VII: "The Pits").
             The game lasted 00:03:12 (205 turns).

pipel the Grave Robber (Deep Elf Necromancer)        Turns: 205, Time: 00:03:12

Health: -5/19      AC:  2    Str:  5    XL:     3   Next: 17%
Magic:  7/12       EV: 13    Int: 20    God:    Sif Muna [*.....]
Gold:   0          SH:  0    Dex: 15    Spells: 4 memorised, 6 levels left

rFire  . . .     SeeInvis .     a - +2 trident (pierce)
rCold  . . .     Gourm    .     r - +0 robe
rNeg   . . .     Faith    .     (no shield)
rPois  .         Spirit   .     (no helmet)
rElec  .         Dismiss  .     (no cloak)
rCorr  .         Reflect  .     (no gloves)
SustAt .         Harm     .     (no boots)
MR     .....     NoTele   +     (no amulet)
Stlth  ++........               (no ring)
                                (no ring)

@: regenerating (expiring), not resistant to hostile enchantments, unstealthy
A: no striking features
a: Channel Energy, Renounce Religion


You were in the Dungeon.
You worshipped Sif Muna.
Sif Muna was aware of your devotion.
You were not hungry.

You visited 1 branch

Inventory:

Hand Weapons
 a - a +2 trident of piercing (weapon)
 u - a +2 trident
Missiles
 m - 10 stones (quivered)
 t - a throwing net
Armour
 r - a +0 robe (worn)
Magical Staves
 b - an uncursed staff of energy
Scrolls
 i - a scroll of blinking
 o - 3 scrolls of remove curse
 p - 5 scrolls of amnesia
 q - a scroll of summoning
Potions
 d - 6 potions of curing
 e - 5 potions of heal wounds
 f - a potion of haste
 g - 4 potions of magic
 h - 3 potions of berserk rage
 l - 2 potions of invisibility
Books
 n - a book of Necromancy

   Spells                             Type                      Level
   a - Pain                           Necromancy                   1
   b - Animate Skeleton               Necromancy                   1
   c - Vampiric Draining              Necromancy                   3
   d - Regeneration                   Charms/Necromancy            3
   e - Animate Dead                   Necromancy                   4
   f - Control Undead                 Necromancy                   4
Comestibles
 c - 8 bread rations
 j - 40 fruits
 k - 7 meat rations
 s - 8 chunks of flesh


   Skills:
 - Level 2.4 Dodging
 - Level 2.4 Stealth
 + Level 6.4 Spellcasting
 + Level 7.2 Necromancy
 + Level 0.9 Invocations


You had 6 spell levels left.
You knew the following spells:

 Your Spells              Type           Power        Failure   Level  Hunger
a - Animate Skeleton      Necr           N/A          1%          1    None
d - Vampiric Draining     Necr           #####.....   1%          3    ##.....
p - Pain                  Necr           ####         1%          1    None
r - Regeneration          Chrm/Necr      ###.......   10%         3    ##.....


Dungeon Overview and Level Annotations

Branches:
Dungeon (1/1)

Altars:
Ashenzari
Cheibriados
Dithmenos
Elyvilon
Fedhas
Kikubaaqudgha
Makhleb
Nemelex Xobeh
Okawaru
Pakellas
Ru
Sif Muna
Trog
Vehumet
Xom
Yredelemnul
Zin
The Shining One
Beogh
Jiyva
Lugonu


Message History

The warg misses you.
Casting: Pain
Confirm with . or Enter, or press ? or * to list all spells.
Aiming: Pain
Press: ? - help, Shift-Dir - straight line, f/p - warg
Aim: a warg (moderately wounded, chance to defeat MR: 71%)
The warg convulses in agony!
The warg bites you!
Ouch! That really hurt!
* * * LOW HITPOINT WARNING * * *
You take 16 damage, and have 3/19 hp.
MASSIVE DAMAGE!!
You now have 10/12 mp.
Unknown command.
Casting: Pain
Confirm with . or Enter, or press ? or * to list all spells.
Aiming: Vampiric Draining
Press: ? - help, Shift-Dir - straight line, f/p - warg
Aim: a warg (heavily wounded)
The warg is severely wounded.
You feel life coursing into your body. The warg bites you!
Ouch! That really hurt!
You die...

#...Z.......'.....
#'#####'#####.....
#.#..#.)#..##.....
#.#..Z..'..#####'#
#.##Z####)###.....
#.#........##.....
#.#........##.....
#Z#####'#####...<.
#@#....))[.##.....
#h#...)))[.##.....
#h###########.....
#h.....J# ######
#..#.#..# #.## #
#.. #.# #..


You could see a warg, 2 jackals and a friendly goblin skeleton.

Vanquished Creatures
  A gnoll (D)
  2 oozes (D)
  An orc (D)
  2 goblins (D)
  2 jackals (D)
  A quokka zombie (D)
9 creatures vanquished.

Vanquished Creatures (collateral kills)
  A white imp (D)
  A kobold (D)
  A bat (D)
3 creatures vanquished.

Grand Total: 12 creatures vanquished

Notes
Turn   | Place    | Note
--------------------------------------------------------------
     0 | D        | pipel the Deep Elf Necromancer began the quest for the Orb.
     0 | D        | Reached XP level 1. HP: 10/10 MP: 6/6
    12 | D        | Reached skill level 5 in Necromancy
    43 | D        | Found a sacrificial altar of Ru.
    43 | D        | Found a basalt altar of Yredelemnul.
    43 | D        | Found a glowing golden altar of the Shining One.
    43 | D        | Found a deep blue altar of Sif Muna.
    43 | D        | Found a burning altar of Makhleb.
    43 | D        | Found an ancient bone altar of Kikubaaqudgha.
    43 | D        | Found a glowing silver altar of Zin.
    44 | D        | Found a shadowy altar of Dithmenos.
    44 | D        | Found a bloodstained altar of Trog.
    44 | D        | Found a shattered altar of Ashenzari.
    44 | D        | Found a white marble altar of Elyvilon.
    44 | D        | Found a snail-covered altar of Cheibriados.
    44 | D        | Found a blossoming altar of Fedhas.
    44 | D        | Found a radiant altar of Vehumet.
    44 | D        | Found a shimmering altar of Xom.
    44 | D        | Found a sparkling altar of Nemelex Xobeh.
    44 | D        | Found a corrupted altar of Lugonu.
    44 | D        | Found a viscous altar of Jiyva.
    44 | D        | Found a roughly hewn altar of Beogh.
    44 | D        | Found an iron altar of Okawaru.
    45 | D        | Found an oddly glowing altar of Pakellas.
    47 | D        | Became a worshipper of Sif Muna the Loreminder
    61 | D        | Learned a level 1 spell: Animate Skeleton
    76 | D        | Reached skill level 6 in Necromancy
    76 | D        | Reached XP level 2. HP: 12/15 MP: 7/9
    79 | D        | Reached skill level 5 in Spellcasting
   100 | D        | Reached skill level 7 in Necromancy
   146 | D        | Reached XP level 3. HP: 5/19 MP: 12/12
   151 | D        | Learned a level 3 spell: Regeneration
   155 | D        | Learned a level 3 spell: Vampiric Draining
   196 | D        | Noticed a warg
   201 | D        | Reached * piety under Sif Muna
   205 | D        | Slain by a warg

Vault maps used:
D:        pitsprint

Action                   || total
-------------------------++-------
Melee: Trident           ||    23
Throw: Stone             ||     1
 Cast: Pain              ||    14
       Animate Skeleton  ||     3
       Regeneration      ||     3
       Vampiric Draining ||     1
Invok: Channel Energy    ||     1
Evoke: Staff of energy   ||     7
  Use: Potion            ||     1
 Stab: Sleeping          ||     1
